 Dungeon Crawl Stone Soup version 0.31-a0-202-g547052bce9 (webtiles) character file.

Game seed: 7287536725100696648

51 qw the Shooter (level 3, -1/20 HPs)
             Began as a Deep Elf Hunter on June 26, 2023.
             Slain by a goblin
             ... wielding a +0 club
             ... led by Robin
              (2 damage)
             ... on level 2 of the Dungeon.
             The game lasted 00:00:25 (927 turns).

qw the Shooter (Deep Elf Hunter)                     Turns: 927, Time: 00:00:25

Health: -1/20      AC:  3    Str: 10    XL:     3   Next: 58%
Magic:  5/5        EV: 12    Int: 13    God:
Gold:   95         SH:  0    Dex: 18    Spells: 2/2 levels left

rFire   . . .        Y - +0 shortbow
rCold   . . .        (shield currently unavailable)
rNeg    . . .        c - +0 leather armour
rPois   .            (no helmet)
rElec   .            (no cloak)
rCorr   .            (no gloves)
SInv    .            (no boots)
Will    .....        (no amulet)
Stlth   ++           (no ring)
HPRegen 0.23/turn    (no ring)
MPRegen 0.09/turn

%: no passive effects
@: no status effects
A: no striking features
a: no special abilities


You were on level 2 of the Dungeon.
You visited 1 branch of the dungeon, and saw 2 of its levels.

You collected 95 gold pieces.


   Skills:
 - Level 1.5 Fighting
 + Level 7.1 Ranged Weapons
 - Level 2.4 Dodging
 - Level 1.2 Stealth


You had 2 spell levels left.
You didn't know any spells.
Your spell library was empty.

Inventory:

Hand Weapons
 Y - a +0 shortbow (weapon)
Armour
 c - a +0 leather armour (worn)
Scrolls
 a - 2 scrolls of identify
 b - a scroll of teleportation {unknown}
Potions
 d - a potion of lignification {unknown}
 g - a potion of curing {unknown}

Dungeon Overview and Level Annotations

Branches:
Dungeon (2/15)

Altars:

Shops:
D:1 !

Annotations:
D:2 Robin


Message History

You hear a shout!
You shoot an arrow. The arrow hits the goblin!
You kill the goblin!
You shoot an arrow. The arrow hits the hobgoblin!
You kill the hobgoblin!
You shoot an arrow. The arrow barely misses the goblin.
The arrow closely misses the goblin.
A goblin comes into view. It is wielding a +2 antimagic dagger.
The goblin closely misses you. The goblin barely misses you.
You shoot an arrow. The arrow hits the goblin.
The goblin is severely wounded.
You hear a shout!
The goblin hits you with a +0 club.
You shoot an arrow. The arrow hits the goblin.
You kill the goblin!
You shoot an arrow. The arrow completely misses the goblin.
The arrow closely misses the goblin.
The goblin hits you but does no damage.
You shoot an arrow. The arrow closely misses the goblin.
The arrow hits the goblin!
You kill the goblin!
The goblin misses you.
You shoot an arrow. The arrow hits the goblin.
You kill the goblin!
A goblin comes into view. It is wielding a +0 club.
You shoot an arrow.
The arrow hits Robin but does no damage.
Robin throws the goblin at you!
You shoot an arrow. The arrow barely misses Robin.
Robin closely misses you.
A goblin comes into view. It is wielding a +0 club.
The goblin hits you with a +0 club.
You shoot an arrow. The arrow barely misses Robin.
Robin closely misses you. The goblin barely misses you.
You shoot an arrow.
The arrow hits Robin but does no damage.
The goblin hits you with a +0 club. x2; Robin barely misses you.
You shoot an arrow. The arrow closely misses Robin.
The arrow misses the goblin.
The goblin hits you with a +0 club.
You die...

###
..##################
....%..........g@gg#
....###..#########g#
#.#.# #..# .# #.#.#
#..# g# #.#.# #..#
gg #.#.# #..# ..
..#.# #..# ### .##.#
#..# .##.# #..#


You could see Robin and 3 goblins.

Vanquished Creatures
  An adder (D:1)
  3 ball pythons (D:1)
  7 endoplasms (D:1)
  3 giant cockroaches
  7 goblins
  2 hobgoblins (D:2)
  2 jackals (D:1)
  2 quokkas (D:1)
  3 bats
  2 frilled lizards (D:1)
  3 kobolds (D:1)
  2 rats (D:1)
37 creatures vanquished.

Notes
Turn   | Place    | Note
-------+----------+-------------------------------------------
     0 | D:1      | qw the Deep Elf Hunter began the quest for the Orb.
     0 | D:1      | Reached XP level 1. HP: 12/12 MP: 3/3
     0 | D:1      | 0 ||| qw: Version: 0.3-a-22-g0ed2b0b
     0 | D:1      | 0 ||| qw: Game counter: 5985
     0 | D:1      | 0 ||| qw: Melee chars always use a shield: true
     0 | D:1      | 0 ||| qw: God list: Okawaru
     0 | D:1      | 0 ||| qw: Allow faded altars: false
     0 | D:1      | 0 ||| qw: Do Orc after clearing Dungeon:15 true
     0 | D:1      | 0 ||| qw: Do second Lair branch before Depths: true
     0 | D:1      | 0 ||| qw: Lair rune preference: random
     0 | D:1      | 0 ||| qw: Goals: Normal
     0 | D:1      | 0 ||| PLANNING D:1-11
   113 | D:1      | Found Ytwustrem's Distillery.
   116 | D:1      | Reached XP level 2. HP: 16/16 MP: 4/4
   118 | D:1      | Reached skill level 6 in Ranged Weapons
   126 | D:1      | 126 ||| SHOPLISTING potion of cancellation (96 gold, have
                  | 18).
   126 | D:1      | 126 ||| SHOPLISTING potion of curing (36 gold, have 18).
   126 | D:1      | 126 ||| SHOPLISTING potion of enlightenment (60 gold, have
                  | 18).
   126 | D:1      | 126 ||| SHOPLISTING potion of heal wounds (60 gold, have
                  | 18).
   126 | D:1      | 126 ||| SHOPLISTING potion of mutation (96 gold, have 18).
   520 | D:1      | Reached XP level 3. HP: 20/20 MP: 5/5
   520 | D:1      | 520 ||| READING 2 scrolls labelled DOUGAJ ATZEA.
   521 | D:1      | 521 ||| READING scroll labelled FIUXYBERIO.
   557 | D:1      | 557 ||| READING scroll labelled FAPAINLOA PYESAU.
   558 | D:1      | 558 ||| DROPPING scroll of butterflies.
   605 | D:2      | 605 ||| STAIRDANCE
   628 | D:2      | 628 ||| STAIRDANCE
   854 | D:2      | 854 ||| FLEEEEING.
   859 | D:2      | 859 ||| FLEEEEING.
   860 | D:2      | 860 ||| FLEEEEING.
   861 | D:2      | 861 ||| FLEEEEING.
   862 | D:2      | 862 ||| FLEEEEING.
   863 | D:2      | 863 ||| FLEEEEING.
   864 | D:2      | 864 ||| FLEEEEING.
   866 | D:2      | 866 ||| FLEEEEING.
   867 | D:2      | 867 ||| FLEEEEING.
   868 | D:2      | 868 ||| FLEEEEING.
   869 | D:2      | 869 ||| FLEEEEING.
   890 | D:2      | Reached skill level 7 in Ranged Weapons
   909 | D:2      | Noticed Robin
   912 | D:2      | 912 ||| Stepping ~*~*~tactically~*~*~ (outnumbered).
   926 | D:2      | HP: 5/20 [goblin/+0 club[Robin] (3)]
   926 | D:2      | HP: 1/20 [goblin/+0 club[Robin] (4)]
   927 | D:2      | Slain by a goblin

Levels and vault maps discovered:
D:1:      scummos_arrival_checkerplants, layout_loops_cross, serial_shops,
          nicolae_shop_industrial_runoff, minmay_3d_cube
D:2:      layout_loops_ring, shapermc_ecumenical_altar_starsandcircs,
          chequers_serial_rivers_micro_a, minmay_surrounded, uniq_robin

Skill      XL: |  1  2  3 |
---------------+----------+-----
Ranged Weapons | 6 7 |  7.1
Fighting       | |  1.5
Dodging        | |  2.4
Stealth        | |  1.2

Action                     || total
---------------------------++-------
   Fire: Shortbow          ||    90
    Use: Scroll            ||     3
 Armour: Leather armour    ||    11
  Dodge: Dodged            ||    29

Table legend:
 A = Non-vault XP
 B = Vault XP
 C = Vault XP percentage of total XP
 D = Non-vault monster count
 E = Vault monster count
 F = Vault count percentage of total count
                 A         B        C        D         E       F
            +---------+---------+-------+---------+---------+-------
      Total |      62 |      12 |  16.2 |      30 |       7 |  18.9
            +---------+---------+-------+---------+---------+-------
        D:1 |      54 |       2 |   3.6 |      25 |       2 |   7.4
        D:2 |       8 |      10 |  55.6 |       5 |       5 |  50.0
            +---------+---------+-------+---------+---------+-------
